 Dungeon Crawl Stone Soup version 0.25-a0-860-gf695395b5c (webtiles) character file.

Game seed: 16406314726238126311, levelgen mode: deterministic

21781 Majang the Cleaver (level 12, -4/111 HPs)
             Began as a Deep Dwarf Fighter on Apr 27, 2020.
             Was an Elder of Makhleb.
             Slain by a komodo dragon (21 damage)
             ... on level 11 of the Dungeon.
             The game lasted 01:00:54 (9740 turns).

Majang the Cleaver (Deep Dwarf Fighter)             Turns: 9740, Time: 01:00:55

Health: -4/111     AC: 17    Str: 26    XL:     12   Next: 57%
Magic:  19/19 (10) EV: 15    Int: 10    God:    Makhleb [****..]
Gold:   807        SH:  0    Dex: 12    Spells: 11/11 levels left

rFire    . . .     SeeInvis .   c - +2 battleaxe (flame)
rCold    . . .     Gourm    .   (shield currently unavailable)
rNeg     . . .     Faith    .   x - +5 ring mail of the Will of the Gods {rCorr MP+9 Int+2}
rPois    +         Spirit   .   w - +0 helmet
rElec    .         Reflect  .   v - +0 cloak
rCorr    +         Harm     .   (no gloves)
MR       ++...                  r - +1 pair of boots
Stlth    +.........             l - amulet of rage
HPRegen  0.00/turn              j - ring of protection from magic
MPRegen  0.16/turn              t - ring of poison resistance

@: non-regenerating
A: damage resistance, heal wounds, sense surroundings 2, no regeneration
a: Heal Wounds, Minor Destruction, Lesser Servant of Makhleb, Major Destruction,
Renounce Religion, Evoke Berserk Rage


You were on level 11 of the Dungeon.
You worshipped Makhleb.
Makhleb was greatly pleased with you.
You were hungry.

You visited 3 branches of the dungeon, and saw 13 of its levels.
You also visited: Sewer.

You collected 807 gold pieces.

Inventory:

Hand Weapons
 a - a +0 war axe
 c - a +2 battleaxe of flaming (weapon)
Missiles
 u - a throwing net (quivered)
Armour
 o - a +0 plate armour of fire resistance
 p - a +0 tower shield
 r - a +1 pair of boots (worn)
 v - a +0 cloak (worn)
 w - a +0 helmet (worn)
 x - the +5 ring mail of the Will of the Gods (worn) {rCorr MP+9 Int+2}
   (You found it on level 5 of the Dungeon)

   It affects your intelligence (+2).
   It affects your magic capacity (+9).
   It provides partial protection from all sources of acid and corrosion.
 G - a +0 kite shield
Jewellery
 j - a ring of protection from magic (left hand)
 l - an amulet of rage (around neck)
 t - a ring of poison resistance (right hand)
 F - an uncursed ring of positive energy
 I - an uncursed ring of positive energy
 K - an uncursed ring of flight
Wands
 k - a wand of random effects (11)
 H - a wand of polymorph (7)
 O - a wand of digging (6)
Scrolls
 e - 5 scrolls of identify
 i - 4 scrolls of remove curse
 m - a scroll of enchant weapon
 q - 6 scrolls of teleportation
 y - a scroll of blinking
 B - 2 scrolls of fog
 C - 3 scrolls of immolation
 L - a scroll of silence
 P - a scroll of magic mapping
Potions
 d - 3 potions of might
 g - 3 potions of stabbing
 n - a potion of ambrosia {unknown}
 s - 3 potions of curing
 z - 4 potions of flight {unknown}
 A - 2 potions of lignification {unknown}
 D - a potion of haste {unknown}
Miscellaneous
 b - a lightning rod (1/4)
Comestibles
 f - 27 rations
 E - 5 chunks of flesh


   Skills:
 + Level 8.2 Fighting
 * Level 12.9 Axes
 + Level 9.3 Armour
 + Level 8.4 Dodging
 + Level 9.4 Shields
 + Level 6.4 Invocations
 + Level 7.1 Evocations


You had 11 spell levels left.
You didn't know any spells.
Your spell library contained the following spells:

 Spells                   Type           Power        Failure   Level  Hunger
 Corona                   Hex            #......      47%         1    ##.....
 Freeze                   Ice            #...         47%         1    ##.....
 Magic Dart               Conj           #...         47%         1    ##.....
 Sandblast                Erth           #.....       47%         1    ##.....
 Ensorcelled Hibernation  Hex/Ice        #.....       63%         2    ###....
 Passwall                 Tmut/Erth      #.......     63%         2    ###....
 Poisonous Vapours        Pois/Air       #.....       63%         2    ###....
 Searing Ray              Conj           #.....       63%         2    ###....
 Confusing Touch          Hex            #.......     85%         3    ####...
 Conjure Flame            Conj/Fire      #.......     85%         3    ####...
 Dazzling Flash           Conj/Hex       #.....       85%         3    ####...
 Frozen Ramparts          Ice            #.....       85%         3    ####...
 Gell's Gravitas          Tloc           #.........   85%         3    ####...
 Ignite Poison            Fire/Tmut/Pois #.......     85%         3    ####...
 Mephitic Cloud           Conj/Pois/Air  #.......     85%         3    ####...
 Ozocubu's Armour         Chrm/Ice       #.......     85%         3    ####...
 Stone Arrow              Conj/Erth      #.....       85%         3    ####...
 Tukima's Dance           Hex            #.......     85%         3    ####...
 Fulminant Prism          Conj/Hex       #.........   99%         4    #####..
 Hailstorm                Conj/Ice       #.......     99%         4    #####..
 Iskenderun's Mystic Bla  Conj/Tloc      #.......     99%         4    #####..
 Petrify                  Tmut/Erth      #.......     99%         4    #####..
 Summon Ice Beast         Ice/Summ       #.......     99%         4    #####..
 Fireball                 Conj/Fire      #.........   100%        5    ######.
 Lee's Rapid Deconstruct  Erth           #.........   100%        5    ######.
 Metabolic Englaciation   Hex/Ice        #.........   100%        5    ######.
 Yara's Violent Unravell  Hex/Tmut       #.........   100%        5    ######.
 Freezing Cloud           Conj/Ice/Air   #.........   100%        6    #######
 Starburst                Conj/Fire      #.........   100%        6    #######
 Ring of Flames           Chrm/Fire      #.........   100%        7    #######
 Ignition                 Fire           #.........   100%        8    #######


Dungeon Overview and Level Annotations

Branches:
Dungeon (11/15)            Temple (1/1) D:7            Lair (1/6) D:11
  Sewer (visited)
    Orc: D:9-12

Altars:
Ashenzari
Cheibriados
Dithmenos
Elyvilon
Fedhas
Gozag
Hepliaklqana
Kikubaaqudgha
Makhleb
Nemelex Xobeh
Okawaru
Qazlal
Ru
Sif Muna
Trog
Uskayaw
Vehumet
Wu Jian
Xom
Yredelemnul
Zin
The Shining One

Shops:
D:11 [


Innate Abilities, Weirdness & Mutations

You are resistant to damage.
You can heal yourself by infusing magical energy.
You passively map the area around you.
You do not regenerate.


Message History

The komodo dragon flickers and vanishes!
Deactivating autopickup; reactivate with Ctrl-A.
The water moccasin bites you. Something bites you!
* * * LOW HITPOINT WARNING * * *
The water moccasin closely misses you.
You climb upwards.
Welcome back to the Dungeon!
Reactivating autopickup.
There is a staircase to the Lair here.
Unknown command.
You slice the water moccasin!! You burn the water moccasin!
You kill the water moccasin!
Makhleb accepts your kill.
You feel better.
You slash something! You burn something.
Something bites you but does no damage.
Deactivating autopickup; reactivate with Ctrl-A.
You slice something!! You burn something. Something bites you.
You miss something. Something bites you!!
* * * LOW HITPOINT WARNING * * *
You hit something but do no damage. Something bites you!!
You die...

##..###.##..#....######
..###[#.##..#.........#
###[....##............#
..###)#.##......^.....#
##).###.##............#
####..#.##......#.....#
#.####รท.##.....#......#
....######...........##
......####......@....#
..##..).##.....{..#..#
......##.#.......#..##
....####.#..........#
#(####..##..........#
####.##.##..........#
##.#....##......#..##
...#..####......####
.#......##..#####


There were no monsters in sight!

Vanquished Creatures
  Harold (D:7)
  Erica (D:11)
  A tengu warrior (D:11)
  3 death yaks (D:11)
  Pikel (D:5)
  2 deep elf magi (D:11)
  2 ugly things (D:11)
  2 manticores (D:11)
  Joseph (D:7)
  Psyche (D:9)
  A kobold demonologist (D:11)
  A komodo dragon (D:11)
  3 trolls (D:11)
  A merfolk (D:11)
  2 hornets
  4 hippogriffs
  3 shadows
  A spriggan (D:11)
  A wraith (D:11)
  2 wyverns
  23 yaks
  2 hungry ghosts (D:11)
  Menkaure (D:4)
  A porcupine (D:11)
  A water moccasin (D:11)
  2 ice beasts
  5 sky beasts
  3 black bears
  A hornet zombie (D:7)
  7 orc warriors
  2 ogres
  5 phantoms
  2 necrophages
  2 centaurs
  3 big kobolds
  14 bullfrogs
  Blork the orc (D:4)
  A wyvern skeleton (D:7)
  3 scorpions
  6 killer bees
  5 wights (D:9)
  5 howler monkeys
  2 bullfrog zombies
  5 crimson imps
  A centaur zombie (D:6)
  3 quasits
  6 orc priests
  7 hounds
  4 jellies
  7 orc wizards
  Crazy Yiuf (D:3)
  7 centaur skeletons
  2 hell rats (D:11)
  9 worker ants
  6 gnolls
  A howler monkey skeleton (D:4)
  15 adders
  2 river rats (D:11)
  A shadow imp (D:5)
  An ooze (D:5)
  5 worms
  3 adder skeletons
  2 dart slugs
  6 leopard geckos
  34 orcs
  A ball python (D:6)
  6 giant cockroaches
  14 hobgoblins
  9 jackals
  5 quokkas
  4 bats
  6 frilled lizards
  10 goblins
  A jackal skeleton (D:8)
  25 kobolds
  13 rats
353 creatures vanquished.

Vanquished Creatures (others)
  A sky beast (D:5)
  A centaur (D:5)
  3 jackals (D:5)
5 creatures vanquished.

Grand Total: 358 creatures vanquished

Notes
Turn   | Place    | Note
-------+----------+-------------------------------------------
     0 | D:1      | Majang the Deep Dwarf Fighter began the quest for the Orb.
     0 | D:1      | Reached XP level 1. HP: 20/20 MP: 1/1
    87 | D:1      | Reached XP level 2. HP: 22/27 MP: 2/2
   137 | D:1      | Reached skill level 3 in Axes
   401 | D:1      | Reached XP level 3. HP: 27/34 MP: 3/3
   608 | D:2      | Reached skill level 4 in Axes
   611 | D:2      | Reached XP level 4. HP: 34/42 MP: 4/4
  1324 | D:3      | Reached skill level 5 in Axes
  1324 | D:3      | Reached XP level 5. HP: 36/50 MP: 5/5
  1567 | D:3      | Found a runed translucent door.
  1568 | D:3      | Noticed Crazy Yiuf
  1580 | D:3      | Paralysed by Crazy Yiuf for 5 turns
  1586 | D:3      | Killed Crazy Yiuf
  1749 | D:3      | Found a shadowy altar of Dithmenos.
  1917 | D:4      | Noticed a phantom
  1943 | D:4      | Killed a phantom
  1943 | D:4      | Reached skill level 1 in Dodging
  1943 | D:4      | Reached XP level 6. HP: 41/57 MP: 6/6
  1955 | D:4      | Found a shimmering blue altar of Sif Muna.
  1966 | D:5      | Entered Level 5 of the Dungeon
  2025 | D:5      | Noticed a slave
  2025 | D:5      | Noticed Pikel
  2025 | D:5      | Noticed a slave
  2026 | D:5      | Noticed a slave
  2027 | D:5      | Noticed a slave
  2044 | D:5      | Got an ancient ring mail
  2057 | D:5      | Noticed a sky beast
  2065 | D:5      | Killed Pikel
  2065 | D:5      | Reached skill level 6 in Axes
  2065 | D:5      | Reached XP level 7. HP: 46/66 MP: 7/7
  2104 | D:5      | Found a glowing drain.
  2134 | Sewer    | Entered a sewer
  2239 | Sewer    | Found a white marble altar of Elyvilon.
  2346 | D:6      | Reached skill level 7 in Axes
  2346 | D:6      | Reached XP level 8. HP: 27/73 MP: 8/8
  2390 | D:6      | Found a glowing golden altar of the Shining One.
  2481 | D:6      | Reached skill level 5 in Fighting
  2518 | D:6      | Reached skill level 5 in Armour
  2518 | D:6      | Reached skill level 5 in Shields
  2769 | D:7      | Found a staircase to the Ecumenical Temple.
  2769 | D:7      | Noticed Joseph
  2791 | D:7      | Killed Joseph
  2791 | D:7      | Reached skill level 8 in Axes
  2799 | Temple   | Entered the Ecumenical Temple
  3267 | D:6      | Gained mutation: You passively map the area around you.
                  | [Deep Dwarf growth]
  3267 | D:6      | Reached XP level 9. HP: 45/81 MP: 9/9
  3686 | D:7      | Found a sparkling altar of Nemelex Xobeh.
  3816 | D:8      | Reached skill level 9 in Axes
  3865 | D:8      | Found an opulent altar of Gozag.
  3911 | D:8      | Reached skill level 5 in Dodging
  3995 | D:8      | Found a bloodstained altar of Trog.
  4621 | D:9      | Reached skill level 10 in Axes
  4623 | D:9      | Reached XP level 10. HP: 28/91 MP: 8/8
  5077 | D:9      | Reached skill level 1 in Evocations
  5143 | D:9      | Noticed Psyche
  5157 | D:9      | Paralysed by Psyche for 3 turns
  5165 | D:9      | Killed Psyche
  5172 | D:9      | Found an iron altar of Okawaru.
  5358 | D:9      | Found a burning altar of Makhleb.
  5383 | D:9      | Became a worshipper of Makhleb the Destroyer
  5639 | D:4      | Noticed Menkaure
  5646 | D:4      | Killed Menkaure
  5741 | D:4      | Noticed Blork the orc
  5759 | D:4      | Killed Blork the orc
  5774 | D:4      | Identified the +5 ring mail of the Will of the Gods {rCorr
                  | MP+9 Int+2} (You found it on level 5 of the Dungeon)
  6157 | D:5      | Reached skill level 1 in Invocations
  6340 | D:5      | Reached * piety under Makhleb
  6727 | D:5      | Reached skill level 11 in Axes
  7269 | D:7      | Found a white marble altar of Elyvilon.
  7291 | D:7      | Noticed Harold
  7304 | D:7      | Killed Harold
  7304 | D:7      | Reached XP level 11. HP: 46/100 MP: 7/7
  7836 | D:10     | Entered Level 10 of the Dungeon
  7988 | D:10     | Reached ** piety under Makhleb
  8077 | D:10     | Paralysed by a hornet for 2 turns
  8452 | D:11     | Reached skill level 5 in Evocations
  8710 | D:11     | Found Tuuqu's Armour Boutique.
  8740 | D:11     | Reached skill level 12 in Axes
  8742 | D:11     | Noticed a death yak
  8749 | D:11     | Noticed a death yak
  8752 | D:11     | Noticed a death yak
  8756 | D:11     | Killed a death yak
  8774 | D:11     | Killed a death yak
  8789 | D:11     | Killed a death yak
  8789 | D:11     | Reached skill level 5 in Invocations
  8816 | D:11     | Reached *** piety under Makhleb
  8822 | D:11     | Found a staircase to the Lair.
  8918 | D:11     | Found a burning altar of Makhleb.
  8947 | D:11     | Reached XP level 12. HP: 98/110 MP: 9/9
  9151 | D:11     | Found the +5 robe of Misfortune {*Contam Harm *Corrode
                  | *Drain *Slow EV+5}
  9154 | D:11     | Noticed a tengu warrior
  9180 | D:11     | Killed a tengu warrior
  9233 | D:11     | Found the +3 giant club "Skullcrusher" {speed, Str+7}
  9521 | D:11     | Reached **** piety under Makhleb
  9526 | D:11     | Noticed Erica
  9543 | D:11     | Killed Erica
  9725 | Lair:1   | Entered Level 1 of the Lair of Beasts
  9740 | D:11     | Slain by a komodo dragon

Levels and vault maps discovered:
D:1:      evilmike_arrival_crescent, layout_rooms, due_unseen_surprise
D:2:      layout_rooms
D:3:      layout_loops_corners, first_ration, grunt_dithmenos_smoke,
          uniq_crazy_yiuf_cottage
D:4:      layout_rooms, old_standard_altar, uniq_menkaure, uniq_blork_the_orc
D:5:      layout_gridville, gup_sewer_entry_bubbles, chequers_hall_statues_y,
          uniq_pikel
D:6:      layout_cave_pods, basic_altar
D:7:      layout_cave_pods, nemelex_xobeh_ov_fountains_minmay, elyvilon_altar_3,
          minmay_temple_entry_stoned_glass, minmay_fractal_squares_diagonal_5,
          uniq_joseph, uniq_harold
D:8:      layout_loops_ring, kennysheep_little_box, grunt_gozag_statues
D:9:      layout_basic, makhleb_heckhound_becter, lemuel_round_altar,
          uniq_psyche
D:10:     layout_basic
D:11:     minmay_the_grid_triangle_9x9_rhombus_full
          [minmay_the_grid_triangle_9x9_odd_lines,
          minmay_the_grid_triangle_9x9_alien,
          minmay_the_grid_triangle_9x9_minimal,
          minmay_the_grid_triangle_9x9_shrine,
          minmay_the_grid_triangle_9x9_flanged_cone,
          minmay_the_grid_triangle_9x9_zippers_vertical,
          minmay_the_grid_triangle_9x9_dagger,
          minmay_the_grid_triangle_9x9_prize_top_heavy], layout_basic,
          dpeg_lair_monsters, serial_shops,
          nicolae_shop_competitors_out_of_business, hangedman_stone_soup,
          onia_ninara_cookie, uniq_erica
Temple:   bh_familiar_temple
Lair:1:   layout_hall_layers, serial_bayou_pond_b, beast_lair_carwin_2

Skill      XL: |  1  2  3  4  5  6  7  8  9 10 11 12 |
---------------+-------------------------------------+-----
Axes           | 3 4 5 6 7 8 10 11 12 | 12.9
Fighting       | 3 4 5 6 7 8 |  8.2
Dodging        | 1 2 3 4 5 6 7 8 |  8.4
Armour         | 4 5 6 7 8 9 |  9.3
Shields        | 4 5 6 7 8 9 |  9.4
Evocations     | 3 6 7 |  7.1
Invocations    | 2 5 6 |  6.4

Action                   |  1- 3 |  4- 6 |  7- 9 | 10-12 || total
-------------------------+-------+-------+-------+-------++-------
Melee: War axe           |   112 |   203 |   455 |   253 ||  1023
       Battleaxe         |       |       |       |   490 ||   490
Throw: Throwing net      |       |       |     2 |       ||     2
Invok: Minor Destruction |       |       |       |    24 ||    24
 Abil: Heal Wounds       |     1 |     5 |    10 |    18 ||    34
Evoke: Wand              |       |       |       |     5 ||     5
       Lightning rod     |       |       |       |     3 ||     3
  Use: Potion            |       |     1 |     8 |     1 ||    10
       Scroll            |       |     2 |     1 |    17 ||    20
  Eat: Chunk             |       |     4 |    10 |    21 ||    35
Armor: Scale mail        |    39 |    18 |       |       ||    57
       Plate armour      |       |    89 |   330 |   163 ||   582
       Ring mail         |       |       |       |   217 ||   217
Dodge: Dodged            |    25 |    28 |   171 |   444 ||   668
Block: Kite shield       |    44 |    97 |   310 |   144 ||   595

Table legend:
 A = Non-vault XP
 B = Vault XP
 C = Vault XP percentage of total XP
 D = Non-vault monster count
 E = Vault monster count
 F = Vault count percentage of total count
                 A         B        C        D         E       F
            +---------+---------+-------+---------+---------+-------
      Total |   15059 |   16057 |  51.6 |     272 |      81 |  22.9
            +---------+---------+-------+---------+---------+-------
        D:1 |      43 |       0 |   0.0 |      29 |       0 |   0.0
        D:2 |     100 |       0 |   0.0 |      21 |       0 |   0.0
        D:3 |     147 |      39 |  21.0 |      21 |       1 |   4.5
        D:4 |     384 |     259 |  40.3 |      12 |       2 |  14.3
        D:5 |     480 |     697 |  59.2 |      26 |       7 |  21.2
        D:6 |    1410 |       0 |   0.0 |      29 |       0 |   0.0
        D:7 |    1104 |    1865 |  62.8 |      22 |       6 |  21.4
        D:8 |    1309 |       0 |   0.0 |      29 |       0 |   0.0
        D:9 |    3544 |     467 |  11.6 |      44 |       2 |   4.3
       D:10 |    3458 |       0 |   0.0 |      25 |       0 |   0.0
       D:11 |    3080 |   12619 |  80.4 |      14 |      54 |  79.4
      Sewer |       0 |     111 | 100.0 |       0 |       9 | 100.0
            +---------+---------+-------+---------+---------+-------
